 Dungeon Crawl Stone Soup version 0.31.0-11-ge490571c62 (webtiles) character file.

Game seed: 14020063539414034280

33 qw the Shooter (level 3, 0/20 HPs)
             Began as a Deep Elf Hunter on Feb 3, 2024.
             Killed by nerve-wracking pain
             ... invoked by Jessica
              (8 damage)
             ... on level 2 of the Dungeon.
             The game lasted 00:00:02 (906 turns).

qw the Shooter (Deep Elf Hunter)                     Turns: 906, Time: 00:00:03

Health: 0/20       AC:  4    Str: 10    XL:     3   Next: 12%
Magic:  5/5        EV: 12    Int: 13    God:
Gold:   123        SH:  0    Dex: 18    Spells: 2/2 levels left

rFire   . . .        a - +0 shortbow
rCold   . . .        (shield currently unavailable)
rNeg    . . .        c - +0 leather armour
rPois   .            (no helmet)
rElec   .            (no cloak)
rCorr   .            (no gloves)
SInv    .            f - +0 pair of boots
Will    .....        (no amulet)
Stlth   ++           (no ring)
HPRegen 0.23/turn    (no ring)
MPRegen 0.09/turn

%: no passive effects
@: slowed, very slow
A: no striking features
a: no special abilities


You were on level 2 of the Dungeon.
You visited 1 branch of the dungeon, and saw 2 of its levels.

You collected 123 gold pieces.


   Skills:
 - Level 1.5 Fighting
 + Level 6.7 Ranged Weapons
 - Level 2.4 Dodging
 - Level 1.2 Stealth


You had 2 spell levels left.
You didn't know any spells.
Your spell library was empty.

Inventory:

Hand Weapons
 a - a +0 shortbow (weapon)
Armour
 c - a +0 leather armour (worn)
 f - a +0 pair of boots (worn)
Scrolls
 e - a scroll of identify
 g - a scroll of teleportation
Potions
 b - a potion of might {unknown}
 d - a potion of heal wounds

Dungeon Overview and Level Annotations

Branches:
Dungeon (2/15)

Altars:

Annotations:
D:2 Jessica


Message History

You shoot an arrow. The arrow hits the ribbon worm!
The ribbon worm is almost dead.
You shoot an arrow. The arrow hits the ribbon worm.
The ribbon worm is almost dead.
The ribbon worm expels a string of sticky webbing.
The stream of webbing hits you but does no damage.
You are caught in a web!
The web tears apart.
You shoot an arrow. The arrow hits the ribbon worm.
You kill the ribbon worm!
g - a scroll of teleportation You now have 123 gold pieces (gained 13).
Jessica the Apprentice Sorceress comes into view.
She is wielding a +1 dagger of distortion and wearing a +2 robe of willpower.
You shoot an arrow. The arrow hits Jessica.
Jessica is moderately wounded.
You shoot an arrow.
The arrow hits Jessica but does no damage.
Jessica is moderately wounded.
You shoot an arrow. The arrow hits Jessica.
Jessica is severely wounded.
Jessica points at you and mumbles some strange words.
You feel yourself slow down.
You shoot an arrow. The arrow hits Jessica.
Jessica is severely wounded.
You shoot an arrow.
The arrow hits Jessica but does no damage.
Jessica is severely wounded.
A hobgoblin comes into view.
You shoot an arrow. The arrow barely misses Jessica.
The hobgoblin shouts!
Jessica hits you with a +1 dagger of distortion.
Space warps around you.
A frilled lizard comes into view.
Jessica hits you with a +1 dagger of distortion.
Space warps around you.
You shoot an arrow. The arrow barely misses Jessica.
The frilled lizard hisses angrily.
Jessica points at you and mumbles some strange words.
Pain shoots through your body!
You die...

..##............#.........
##.(...........##......
#####.#.####.##.......
###.####.# ...... #.#....#
...... ###### ##.#.#### .
#.....##.....##
..............##
.......@.......#
......@........#
...............#
...............#
#..g...........#
#l.............#
..............##
......##.....## .####
#######


You could see Jessica, a hobgoblin and a frilled lizard.

Vanquished Creatures
  2 adders (D:2)
  A dart slug (D:1)
  A ribbon worm (D:2)
  2 ball pythons (D:2)
  A bat (D:1)
  An endoplasm (D:2)
  A giant cockroach (D:2)
  2 kobolds
  2 rats (D:1)
13 creatures vanquished.

Notes
Turn   | Place    | Note
-------+----------+-------------------------------------------
     0 | D:1      | qw the Deep Elf Hunter began the quest for the Orb.
     0 | D:1      | Reached XP level 1. HP: 12/12 MP: 3/3
     0 | D:1      | 0 ||| qw: Version: 0.3-a-158-g18b3111
     0 | D:1      | 0 ||| qw: Game counter: 4157
     0 | D:1      | 0 ||| qw: Melee chars always use a shield: true
     0 | D:1      | 0 ||| qw: God list: Okawaru
     0 | D:1      | 0 ||| qw: Allow faded altars: false
     0 | D:1      | 0 ||| qw: Do Orc after clearing Dungeon:15 true
     0 | D:1      | 0 ||| qw: Do second Lair branch before Depths: true
     0 | D:1      | 0 ||| qw: Lair rune preference: random
     0 | D:1      | 0 ||| qw: Goals: Normal
     0 | D:1      | 0 ||| PLANNING D:1-11
    98 | D:1      | Found a faded altar of an unknown god.
   670 | D:1      | 670 ||| UPGRADING to +0 pair of boots.
   675 | D:1      | 675 ||| READING scroll labelled LATOWN KAYTHI.
   675 | D:1      | 675 ||| IDENTIFYING red potion
   676 | D:1      | 676 ||| READING scroll labelled BOAMUSCHEVIRA.
   681 | D:1      | 681 ||| READING 2 scrolls labelled ETIDUSH BATWUA.
   682 | D:1      | 682 ||| DROPPING scroll of butterflies.
   683 | D:1      | 683 ||| DROPPING scroll of fog.
   720 | D:2      | Reached XP level 2. HP: 16/16 MP: 4/4
   733 | D:2      | Reached skill level 6 in Ranged Weapons
   739 | D:2      | HP: 3/16 [adder (2)]
   740 | D:2      | 740 ||| DRINKING potion of heal wounds.
   745 | D:2      | HP: 4/16 [poisoned by an adder]
   748 | D:2      | HP: 1/16 [poisoned by an adder]
   773 | D:2      | Reached XP level 3. HP: 9/20 MP: 5/5
   899 | D:2      | Noticed Jessica
   906 | D:2      | Killed from afar by Jessica

Levels and vault maps discovered:
D:1:      heliophobic_arrival_glass_houses, layout_loops_ring,
          dreamdust_ecumenical_altar_angels_and_demons
D:2:      layout_rooms, minmay_misc_feat_chi, minivault_24,
          nicolae_eternal_life, uniq_jessica, uniq_terence

Skill      XL: |  1  2 |
---------------+-------+-----
Ranged Weapons | 6 |  6.7
Fighting       | |  1.5
Dodging        | |  2.4
Stealth        | |  1.2

Action                     || total
---------------------------++-------
   Fire: Shortbow          ||    47
    Use: Scroll            ||     3
         Potion            ||     1
 Armour: Leather armour    ||    11
  Dodge: Dodged            ||    18

Table legend:
 A = Non-vault XP
 B = Vault XP
 C = Vault XP percentage of total XP
 D = Non-vault monster count
 E = Vault monster count
 F = Vault count percentage of total count
                 A         B        C        D         E       F
            +---------+---------+-------+---------+---------+-------
      Total |      48 |       0 |   0.0 |      13 |       0 |   0.0
            +---------+---------+-------+---------+---------+-------
        D:1 |      10 |       0 |   0.0 |       5 |       0 |   0.0
        D:2 |      38 |       0 |   0.0 |       8 |       0 |   0.0
            +---------+---------+-------+---------+---------+-------
